 Dungeon Crawl Stone Soup version 0.16.1-30-g34a7ffa (webtiles) character file.

583 sscrono2 the Covert (level 7, -8/45 HPs)
             Began as an Octopode Assassin on June 15, 2015.
             Was a Follower of Kikubaaqudgha.
             Killed from afar by Dowan (14 damage)
             ... with a shard of ice
             ... on level 5 of the Dungeon.
             The game lasted 00:12:04 (2844 turns).

sscrono2 the Covert (Octopode Assassin)             Turns: 2844, Time: 00:12:04

Health: -8/45      AC:  1    Str: 10    XL:     7   Next: 37%
Magic:  12/12      EV: 12    Int: 14    God:    Kikubaaqudgha [*.....]
Gold:   223        SH:  0    Dex: 15    Spells: 2 memorised, 5 levels left

rFire  + . .     SeeInvis .     a - +1 dagger (venom)
rCold  x . .     Clarity  .     (no shield)
rNeg   . . .     SustAb   +     (helmet restricted)
rPois  .         Gourm    .     q - amulet of resist mutation
rElec  .         Spirit   .     h - ring of sustain abilities
rCorr  .         Warding  .     s - ring of flight
rMut   +         Stasis   .     c - ring of fire
MR     .....                    x - ring of invisibility
Stlth  ++++++....               (no ring)
                                (no ring)
                                (no ring)
                                (no ring)

@: very slightly contaminated, hasted, very quick, not resistant to hostile
enchantments, very stealthy
A: almost no armour, amphibious, 8 rings, constrict 8, camouflage 1, gelatinous
body 1
a: Receive Corpses, Renounce Religion, Evoke Invisibility, Evoke Flight


You were on level 5 of the Dungeon.
You worshipped Kikubaaqudgha.
Kikubaaqudgha was aware of your devotion.
You were full.

You visited 1 branch of the dungeon, and saw 5 of its levels.

You collected 223 gold pieces.

Inventory:

Hand weapons
 a - a +1 dagger of venom (weapon)
 b - a +0 blowgun
 m - a +2 dagger
Missiles
 e - 23 poisoned needles
 A - 6 needles of sleeping
Jewellery
 c - a ring of fire (on tentacle)
 h - a ring of sustain abilities (left tentacle)
 q - an amulet of resist mutation (around mantle)
 s - a ring of flight (right tentacle)
 x - a ring of invisibility (on tentacle)
Scrolls
 k - 2 scrolls of fog
 l - a scroll of immolation
 n - 2 scrolls of recharging
 p - 3 scrolls of fear
 r - 4 scrolls of enchant armour
 t - 2 scrolls of teleportation {unknown}
 u - a scroll of amnesia {unknown}
 v - 3 scrolls of identify
Potions
 d - a potion of haste
 i - 2 potions of lignification {unknown}
 j - 2 potions of might {unknown}
 w - 2 potions of agility {unknown}
 z - a potion of magic {unknown}
Books
 y - Kikubaaqudgha's Grimoire of Darkness
   (Kikubaaqudgha gifted it to you on level 4 of the Dungeon)

   Spells                             Type                      Level
   a - Pain                           Necromancy                   1
   b - Corpse Rot                     Necromancy                   2
   c - Sublimation of Blood           Necromancy                   2
   d - Vampiric Draining              Necromancy                   3
   e - Control Undead                 Necromancy                   4
Comestibles
 g - 5 bread rations
 o - a meat ration


   Skills:
 + Level 2.8 Fighting
 + Level 2.7 Short Blades
 + Level 3.1 Throwing
 + Level 2.0 Dodging
 + Level 8.9 Stealth
 * Level 2.2 Spellcasting
 * Level 2.3 Necromancy


You had 5 spell levels left.
You knew the following spells:

 Your Spells              Type           Power        Failure   Level  Hunger
a - Corpse Rot            Necr           N/A          17%         2    ###....
b - Vampiric Draining     Necr           #.........   30%         3    ###....


Dungeon Overview and Level Annotations

Branches:
Dungeon (5/15)             Temple (0/1) D:4

Altars:
Ashenzari
Kikubaaqudgha
Vehumet
Xom

Annotations:
D:5 Dowan


Innate Abilities, Weirdness & Mutations

You cannot wear most types of armour.
You are amphibious.
You can wear up to eight rings at the same time.
You can use your tentacles to constrict many enemies at once.
Your skin changes colour to match your surroundings (Stealth).
Your rubbery body absorbs attacks (AC +1).


Message History

You hit Duvessa but do no damage.
Duvessa is almost dead.
You constrict Duvessa, but do no damage.
Duvessa misses you.
You hit Duvessa.
Duvessa is almost dead.
You constrict Duvessa.
You kill Duvessa!
Kikubaaqudgha accepts your kill.
Dowan seems overcome with grief, but rights himself reflexively soon after.
Dowan seems to find hidden reserves of power!
Your Dodging skill increases to level 2!
Dowan hits you with a dagger.
* * * LOW HITPOINT WARNING * * *
You hit Dowan.
Dowan looks even sicker.
Your grab misses Dowan.
Dowan is heavily wounded.
Dowan points at you and mumbles some strange words.
The shard of ice hits you!
You feel a painful chill!
You die...
Kikubaaqudgha rasps: "You have failed me!
Welcome... death!"

#............
#.........# ##.
#...>.....+ ...
#e....e...#.#### #.#
######.........#######.#
#.#######.........# #.#
...8.........#
#.#######.........#
#(.(.e@..†........# .
######)....)......# .
############.#####
#...... #######


You could see Dowan.

Vanquished Creatures
  Sigmund (D:2)
  Duvessa (D:5)
  A hound (D:4)
  A giant frog skeleton (D:4)
  An orc priest (D:4)
  3 orc wizards (D:4)
  3 worker ants
  An iguana (D:4)
  A hound skeleton (D:4)
  9 adders
  A giant mite (D:1)
  2 worms
  A giant gecko (D:4)
  9 orcs
  8 bats
  A bat skeleton (D:5)
  2 giant cockroaches
  4 hobgoblins
  5 jackals (D:1)
  A quokka (D:4)
  4 giant newts
  6 goblins
  A jackal skeleton (D:4)
  11 kobolds
  A quokka skeleton (D:4)
  6 rats
85 creatures vanquished.

Vanquished Creatures (others)
  A human (D:3)
1 creature vanquished.

Grand Total: 86 creatures vanquished

Notes
Turn   | Place    | Note
--------------------------------------------------------------
     0 | D:1      | sscrono2, the Octopode Assassin, began the quest for the Orb.
     0 | D:1      | Reached XP level 1. HP: 14/14 MP: 1/1
   171 | D:1      | Reached XP level 2. HP: 14/19 MP: 2/2
   281 | D:1      | Reached skill level 6 in Stealth
   454 | D:1      | Reached XP level 3. HP: 21/24 MP: 3/3
   610 | D:2      | Found an ancient bone altar of Kikubaaqudgha.
   621 | D:2      | Became a worshipper of Kikubaaqudgha
   724 | D:2      | Noticed Sigmund
   736 | D:2      | Killed Sigmund
   736 | D:2      | Reached skill level 7 in Stealth
   736 | D:2      | Reached skill level 1 in Spellcasting
   736 | D:2      | Reached XP level 4. HP: 28/30 MP: 3/5
   937 | D:2      | Reached XP level 5. HP: 26/35 MP: 7/7
  1130 | D:3      | Found an ancient bone altar of Kikubaaqudgha.
  1132 | D:3      | Noticed a human
  1133 | D:3      | Killed a human
  1526 | D:3      | Found a shimmering altar of Xom.
  1548 | D:3      | Found a shattered altar of Ashenzari.
  1553 | D:3      | Found a radiant altar of Vehumet.
  1601 | D:3      | Reached skill level 8 in Stealth
  2010 | D:4      | Reached XP level 6. HP: 31/41 MP: 8/8
  2029 | D:4      | Reached skill level 1 in Necromancy
  2225 | D:4      | Acquired Kikubaaqudgha's first power
  2225 | D:4      | Received a gift from Kikubaaqudgha
  2236 | D:4      | Identified Kikubaaqudgha's Grimoire of Darkness (Kikubaaqudgha gifted it to you on level 4 of the Dungeon)
  2245 | D:4      | Learned a level 2 spell: Corpse Rot
  2249 | D:4      | Learned a level 3 spell: Vampiric Draining
  2321 | D:4      | Reached XP level 7. HP: 34/45 MP: 12/12
  2367 | D:4      | Found a staircase to the Ecumenical Temple.
  2602 | D:5      | Entered Level 5 of the Dungeon
  2688 | D:5      | Found an ancient bone altar of Kikubaaqudgha.
  2810 | D:5      | Noticed Duvessa
  2810 | D:5      | Noticed Dowan
  2843 | D:5      | Killed Duvessa
  2844 | D:5      | Killed from afar by Dowan

Action                   |  1- 3 |  4- 6 |  7- 9 || total
-------------------------+-------+-------+-------++-------
Melee: Dagger            |    35 |    94 |    40 ||   169
 Fire: Blowgun           |     3 |    20 |     4 ||    27
Throw: Throwing net      |       |     1 |       ||     1
  Use: Scroll            |     6 |     2 |       ||     8
       Potion            |       |       |     1 ||     1
 Stab: Sleeping          |     9 |    13 |     2 ||    24
       Distracted        |     1 |     1 |     1 ||     3
  Eat: Meat ration       |       |     1 |     1 ||     2
